 Dungeon Crawl Stone Soup version 0.19.5 (webtiles) character file.

1537 tognito the Cleaver (level 8, -6/64 HPs)
             Began as a Minotaur Berserker on July 3, 2017.
             Was an Elder of Trog.
             Mangled by an orc warrior
             ... wielding a +0 glaive
              (14 damage)
             ... on level 6 of the Dungeon.
             The game lasted 00:10:59 (5590 turns).

tognito the Cleaver (Minotaur Berserker)            Turns: 5590, Time: 00:10:59

Health: -6/64      AC:  6    Str: 25    XL:     8   Next: 56%
Magic:  6/6        EV: 12    Int:  4    God:    Trog [****..]
Gold:   228        SH:  0    Dex:  9    Spells: 0 memorised, 7 levels left

rFire  . . .     SeeInvis .     a - +0 hand axe
rCold  . . .     Gourm    .     u - +0 scale mail
rNeg   + . .     Faith    .     (no shield)
rPois  .         Spirit   .     (helmet restricted)
rElec  .         Reflect  .     (no cloak)
rCorr  .         Harm     .     v - +0 pair of gloves
MR     .....                    (no boots)
Stlth  ..........               (no amulet)
                                (no ring)
                                t - ring of positive energy

@: no status effects
A: retaliatory headbutt, horns 2, repulsion field 1, molten scales 1, deformed
body, low mp 1
a: Berserk, Trog's Hand, Brothers in Arms, Burn Spellbooks, Renounce Religion


You were on level 6 of the Dungeon.
You worshipped Trog.
Trog was greatly pleased with you.
You were not hungry.

You visited 1 branch of the dungeon, and saw 6 of its levels.
You also visited: Ossuary.

You collected 228 gold pieces.

Inventory:

Hand Weapons
 a - a +0 hand axe (weapon)
 b - a +0 hand crossbow
Missiles
 h - 41 arrows
 z - 23 bolts
Armour
 u - a +0 scale mail (worn)
 v - a +0 pair of gloves (worn)
Jewellery
 t - a ring of positive energy (left hand)
Wands
 w - a wand of acid (12/15)
Scrolls
 d - 7 scrolls of teleportation {unknown}
 e - 3 scrolls of amnesia {unknown}
 j - 9 scrolls of identify {unknown}
 k - 3 scrolls of remove curse {unknown}
 n - 2 scrolls of noise {unknown}
 o - a scroll of enchant weapon {unknown}
 q - 2 scrolls of recharging {unknown}
 x - a scroll of magic mapping {unknown}
 y - a scroll of brand weapon {unknown}
 B - a scroll of enchant armour {unknown}
Potions
 f - 5 potions of might
 i - 4 potions of curing
 l - a potion of cure mutation
 m - 2 potions of haste
 p - a potion of brilliance
 s - 2 potions of agility
 A - 4 potions of heal wounds
 C - 2 potions of berserk rage
Comestibles
 c - 8 bread rations
 g - 2 meat rations


   Skills:
 - Level 3.6 Fighting
 + Level 12.9 Axes
 - Level 2.4 Armour
 - Level 2.1 Dodging


You had 7 spell levels left.
You didn't know any spells.

Dungeon Overview and Level Annotations

Branches:
Dungeon (6/15)             Temple (0/1) D:4

Altars:
Cheibriados
Dithmenos
Fedhas
Nemelex Xobeh
Sif Muna

Shops:
D:4 (


Innate Abilities, Weirdness & Mutations

You reflexively headbutt those who attack you in melee.
You have a pair of horns on your head.
You are surrounded by a mild repulsion field. (EV +2)
You are partially covered in molten scales. (AC +2)
Armour fits poorly on your strangely shaped body.
Your magical capacity is low. (-10% MP)


Message History

Can't find anything matching that.
An orc warrior comes into view. It is wielding a glaive.
The orc warrior shouts!
The orc warrior drinks a potion.
The orc warrior seems to speed up.
A killer bee zombie comes into view.
The orc warrior hits you from afar with a glaive.
The orc warrior hits you with a glaive!
You closely miss the orc warrior. The orc warrior hits you with a glaive!
You hit the orc warrior but do no damage.
You headbutt the orc warrior!
The orc warrior is moderately wounded.
The orc warrior hits you with a glaive!!
* * * LOW HITPOINT WARNING * * *
You barely miss the orc warrior.
The orc warrior is moderately wounded.
You hit the orc warrior but do no damage.
You headbutt the orc warrior.
The orc warrior is heavily wounded.
The orc warrior hits you with a glaive!
You die...

#### .... ... #.. #Z# #o# #@# #.#
#####+ #.# #..... #.# #####.....
################.#######.........
..............................##.
###.#.....###.#########.......##.
#.#.....# #.# #.#.######.
#.#.^...###.## # #..# #.


You could see an orc warrior and a killer bee zombie.

Vanquished Creatures
  The ghost of Azzok the Skirmisher, an amateur CeFi (D:4)
  Grinder (D:6)
  2 ogres
  A sky beast (D:5)
  A bullfrog (D:6)
  2 water moccasin zombies (Ossuary)
  2 crimson imps (D:5)
  A centaur skeleton (D:4)
  An orc priest (D:4)
  3 hounds
  A jelly (D:5)
  An orc wizard (D:4)
  Terence (D:3)
  3 worker ants
  2 big kobold zombies (Ossuary)
  2 mummies (Ossuary)
  4 gnolls (D:3)
  7 adders
  A shadow imp (D:6)
  2 oozes
  An adder skeleton (D:6)
  4 adder zombies (Ossuary)
  3 worms (D:3)
  3 dart slugs
  3 leopard geckos
  4 orcs
  2 giant cockroaches
  3 gnoll zombies (Ossuary)
  9 goblins
  11 hobgoblins
  8 jackals
  6 kobolds
  3 quokkas
  4 ball pythons
  8 bats
  6 frilled lizards
  7 hobgoblin zombies (Ossuary)
  4 kobold zombies (Ossuary)
  4 orc zombies (Ossuary)
  10 rats
142 creatures vanquished.

Notes
Turn   | Place    | Note
-------+----------+-------------------------------------------
     0 | D:1      | tognito the Minotaur Berserker began the quest for the Orb.
     0 | D:1      | Reached XP level 1. HP: 19/19 MP: 0/0
    52 | D:1      | Reached skill level 4 in Axes
    58 | D:1      | Reached XP level 2. HP: 22/26 MP: 1/1
   298 | D:1      | Reached skill level 5 in Axes
   776 | D:1      | Reached XP level 3. HP: 29/31 MP: 2/2
   929 | D:2      | Gained mutation: Armour fits poorly on your strangely shaped body. [potion of mutation]
   929 | D:2      | Gained mutation: You are surrounded by a mild repulsion field. (EV +2) [potion of mutation]
   929 | D:2      | Gained mutation: Your magical capacity is low. (-10% MP) [potion of mutation]
  1034 | D:2      | Reached ** piety under Trog
  1093 | D:2      | Found a shadowy altar of Dithmenos.
  2011 | D:3      | Reached XP level 4. HP: 22/39 MP: 2/2
  2015 | D:3      | Noticed an ogre
  2024 | D:3      | Killed an ogre
  2024 | D:3      | Reached skill level 7 in Axes
  2024 | D:3      | Reached XP level 5. HP: 22/45 MP: 3/3
  2405 | D:3      | Reached skill level 8 in Axes
  2432 | D:3      | Found a blossoming altar of Fedhas.
  2555 | D:3      | Noticed Terence
  2564 | D:3      | Killed Terence
  2564 | D:3      | Reached XP level 6. HP: 38/51 MP: 4/4
  2666 | D:3      | Reached *** piety under Trog
  2897 | D:4      | Found a staircase to the Ecumenical Temple.
  3130 | D:4      | Gained mutation: You are partially covered in molten scales. (AC +2) [potion of beneficial mutation]
  3188 | D:4      | Noticed Azzok's ghost (amateur CeFi)
  3216 | D:4      | Killed Azzok's ghost
  3216 | D:4      | Reached skill level 9 in Axes
  3216 | D:4      | Reached XP level 7. HP: 57/57 MP: 5/5
  3286 | D:4      | Reached skill level 10 in Axes
  3381 | D:4      | Found a snail-covered altar of Cheibriados.
  3381 | D:4      | Found a sparkling altar of Nemelex Xobeh.
  3383 | D:4      | Found a deep blue altar of Sif Muna.
  3522 | D:4      | Found Qamukuen's Antique Weapon Boutique.
  4108 | D:5      | Entered Level 5 of the Dungeon
  4268 | D:5      | Reached skill level 11 in Axes
  4334 | D:5      | Reached XP level 8. HP: 57/64 MP: 6/6
  4883 | D:6      | Found a sand-covered staircase.
  4891 | Ossuary  | Entered an ossuary
  4988 | Ossuary  | Reached **** piety under Trog
  4988 | Ossuary  | Reached skill level 12 in Axes
  5417 | D:6      | Noticed Grinder
  5425 | D:6      | Paralysed by Grinder for 7 turns
  5443 | D:6      | Killed Grinder
  5590 | D:6      | Mangled by an orc warrior

Skill      XL: |  1  2  3  4  5  6  7  8 |
---------------+-------------------------+-----
Axes           | 4 5 7 8 9 11 12 | 12.9
Fighting       | |  3.6
Armour         | |  2.4
Dodging        | |  2.1

Action                   |  1- 3 |  4- 6 |  7- 9 || total
-------------------------+-------+-------+-------++-------
Melee: Hand axe          |    93 |    95 |   215 ||   403
       Headbutt          |    14 |    18 |    50 ||    82
 Fire: Hand crossbow     |       |       |    14 ||    14
Invok: Berserk           |       |     2 |       ||     2
       Trog's Hand       |       |     1 |     1 ||     2
  Use: Potion            |     4 |     5 |     4 ||    13
 Stab: Sleeping          |     1 |       |       ||     1
       Invisible         |       |       |     1 ||     1
  Eat: Chunk             |     3 |     4 |     7 ||    14
       Royal jelly       |       |       |     1 ||     1
       Beef jerky        |       |       |     1 ||     1
Armor: Animal skin       |     9 |     4 |       ||    13
       Scale mail        |       |     6 |    48 ||    54
Dodge: Dodged            |    62 |    74 |    82 ||   218
